 Dungeon Crawl Stone Soup version 0.29-a0-1043-g569b05d6ff (webtiles) character file.

Game seed: 11651449061467815850

1866 wingedge the Ruffian (level 8, -2/81 HPs)
             Began as a Yellow Draconian Transmuter on Aug 16, 2022.
             Was an Initiate of Wu Jian.
             Slain by a bullfrog (5 damage)
             ... on level 7 of the Dungeon.
             The game lasted 00:24:44 (6642 turns).

wingedge the Ruffian (Yellow Draconian Transmuter)  Turns: 6642, Time: 00:24:45

Health: -2/81      AC:  7    Str: 15    XL:     8   Next: 90%
Magic:  6/14       EV: 10    Int: 19    God:    Wu Jian [......]
Gold:   433        SH:  0    Dex: 11    Spells: 4/15 levels left

rFire   x . .      SeeInvis +     - Unarmed
rCold   + + +      Faith    .   (shield currently unavailable)
rNeg    + . .      Spirit   .   (body armour unavailable)
rPois   +          Reflect  .   (helmet currently unavailable)
rElec   .          Harm     .   (cloak currently unavailable)
rCorr   .          Rampage  .   (gloves currently unavailable)
Will    .....                   (boots currently unavailable)
Stlth   +.........              (no amulet)
HPRegen 0.23/turn               h - ring of see invisible
MPRegen 0.14/turn               t - ring "Qocotatt" {rN+ Int+5}

@: ice-form, weakened, very slightly contaminated
A: freezing attack, amphibious, boosted hp, (spit acid), AC +6, large, unfitting
armour, (cold-blooded), (acid resistance)
a: End Transformation, Renounce Religion


You were on level 7 of the Dungeon.
You worshipped Wu Jian.
Wu Jian was noncommittal.
You were a creature of crystalline ice.
You visited 1 branch of the dungeon, and saw 7 of its levels.

You collected 433 gold pieces.

Inventory:

Hand Weapons
 a - a +1 falchion of holy wrath
Missiles
 b - 2 boomerangs (quivered)
Magical Staves
 j - a staff of cold
Jewellery
 h - a ring of see invisible (left front paw)
 t - the ring "Qocotatt" (right front paw) {rN+ Int+5}
   (You took it off a kobold on level 4 of the Dungeon)

   [ring of positive energy]

   Int:       It affects your intelligence (+5).
   rN:        It protects you from negative energy.
Wands
 e - a wand of mindburst (13)
 n - a wand of flame (18)
Scrolls
 c - 4 scrolls of vulnerability
 g - a scroll of fear
 i - 2 scrolls of immolation
 k - 3 scrolls of summoning
 l - a scroll of blinking {unknown}
 m - 2 scrolls of enchant armour {unknown}
 p - a scroll of noise {unknown}
 q - 5 scrolls of teleportation {unknown}
 r - a scroll of acquirement {unknown}
 v - a scroll of poison {unknown}
 w - a scroll of amnesia {unknown}
 y - a scroll of brand weapon {unknown}
Potions
 d - 3 potions of curing
 f - 3 potions of brilliance
 o - a potion of resistance
 s - 2 potions of flight
 u - a potion of heal wounds
 x - 2 potions of magic
 z - a potion of invisibility {unknown}
 A - a potion of mutation {unknown}


   Skills:
 + Level 5.0 Fighting
 - Level 1.0 Throwing
 - Level 3.0 Dodging
 - Level 7.0 Unarmed Combat
 - Level 4.0 Spellcasting
 - Level 1.0 Translocations
 - Level 7.0 Transmutations
 - Level 1.0 Ice Magic


You had 4 spell levels left.
You knew the following spells:

 Your Spells              Type           Power      Damage    Failure   Level
a - Beastly Appendage     Tmut           60%        N/A       1%          1
b - Wereblood             Tmut           30%        N/A       1%          2
c - Spider Form           Tmut/Pois      17%        N/A       10%         3
d - Apportation           Tloc           14%        N/A       9%          1
e - Ice Form              Ice/Tmut       19%        N/A       26%         4

Your spell library contained the following spells:

 Spells                   Type           Power      Damage    Failure   Level
 Necrotise                Necr           12%        1d4       14%         1
 Summon Small Mammal      Summ           12%        N/A       14%         1
 Ignite Poison            Fire/Tmut/Pois 12%        N/A       16%         3
 Conjure Flame            Conj/Fire      3%         6-21      38%         3
 Sticky Flame             Conj/Fire      3%         2d3       80%         4


Dungeon Overview and Level Annotations

Branches:
Dungeon (7/15)             Temple (0/1) D:5

Altars:
Qazlal
Wu Jian
Yredelemnul
The Shining One


Innate Abilities, Weirdness & Mutations

You are a creature of crystalline ice.
You have a powerful freezing melee attack.
You are amphibious.
Your maximum health is increased.
Your armour is entirely melded.
You are incapable of wielding weapons or throwing items.
((You can spit globs of acid.))
((Your golden yellow scales are hard. (AC +6)))
You cannot fit into any form of body armour.
((You are cold-blooded and may be slowed by cold attacks.))
((You are resistant to acid. (rCorr)))


Message History

You need to enable at least one skill for training.
You lunge at the gnoll.
You punch the gnoll! You freeze the gnoll.
The gnoll is almost dead.
The bullfrog misses you. The gnoll hits you with a +0 spear.
The gnoll closely misses you. The howler monkey closely misses you.
You punch the gnoll! You freeze the gnoll.
You kill the gnoll!
The Council accepts your kill.
The bullfrog hits you but does no damage.
The howler monkey barely misses you. The gnoll hits you with a +0 halberd!
You hit the gnoll. You freeze the gnoll.
The gnoll is moderately wounded.
The bullfrog hits you!
* * * LOW HITPOINT WARNING * * *
The howler monkey hits you.
* * * LOW HITPOINT WARNING * * *
The bullfrog hits you.
* * * LOW HITPOINT WARNING * * *
The sky beast hits you but does no damage.
You punch the sky beast! You freeze the sky beast.
The sky beast is heavily wounded.
The gnoll barely misses you. The bullfrog completely misses you.
The howler monkey hoots and howls with incredible vigour!
You hear two shouts!
You hear a shout!
You barely miss the sky beast.
The sky beast is heavily wounded.
The sky beast hits you but does no damage.
The gnoll barely misses you.
The bullfrog hits you but does no damage.
The howler monkey hits you but does no damage.
You hit the sky beast but do no damage.
The sky beast is heavily wounded.
The gnoll is no longer moving quickly.
The bullfrog misses you.
The sky beast hits you but does no damage.
The gnoll hits you with a +0 halberd!
* * * LOW HITPOINT WARNING * * *
The howler monkey hits you.
* * * LOW HITPOINT WARNING * * *
The bullfrog hits you.
You die...

##....#..............#
.#........##.......###
......#.............#
#.##.##.............#
.....# ............# #
.....#
............#.##
.......
..............#
........
......F.......#
........
......hY.........
........
......Y)g........
.....
........#.#......
......>##........
....... #....###.
....... ....# ...##..
..## .#. ... ..


You could see a sky beast, a bullfrog, a howler monkey (catching breath) and a
gnoll.

Vanquished Creatures
  A water moccasin (D:7)
  A sky beast (D:6)
  2 black bears
  A centaur (D:6)
  A phantom (D:3)
  2 kobold brigands (D:6)
  2 gnoll sergeants (D:6)
  2 necrophages (D:5)
  4 scorpions
  2 hounds
  2 gnoll boudas
  3 jellies
  An orc priest (D:5)
  3 iguanas
  An orc wizard (D:5)
  8 adders
  20 gnolls
  4 shadow imps
  A worm (D:2)
  2 dart slugs
  5 orcs
  11 ball pythons
  7 endoplasms
  A giant cockroach (D:1)
  5 goblins
  7 hobgoblins
  4 jackals (D:1)
  7 kobolds
  2 quokkas
  4 bats
  4 frilled lizards
  7 rats
127 creatures vanquished.

Notes
Turn   | Place    | Note
-------+----------+-------------------------------------------
     0 | D:1      | wingedge the Draconian Transmuter began the quest for the
                  | Orb.
     0 | D:1      | Reached XP level 1. HP: 16/16 MP: 3/3
   296 | D:1      | Reached XP level 2. HP: 23/23 MP: 3/5
   458 | D:1      | Learned a level 2 spell: Wereblood
   623 | D:1      | Reached skill level 1 in Throwing
  1003 | D:2      | Reached XP level 3. HP: 26/28 MP: 3/6
  1390 | D:2      | Identified the +0 leather armour "Jattos" {rPois Will-
                  | Str+7 SInv}
  1689 | D:2      | Reached XP level 4. HP: 34/35 MP: 5/7
  2704 | D:3      | Noticed a phantom
  2729 | D:3      | Killed a phantom
  2730 | D:3      | Reached XP level 5. HP: 38/45 MP: 3/9
  2997 | D:4      | Identified the ring "Qocotatt" {rN+ Int+5}
  3036 | D:4      | Reached XP level 6. HP: 49/51 MP: 8/10
  3107 | D:4      | Learned a level 3 spell: Spider Form
  3266 | D:4      | Reached skill level 5 in Unarmed Combat
  3729 | D:5      | Entered Level 5 of the Dungeon
  3891 | D:5      | Your scales start taking on a golden yellow colour.
  3891 | D:5      | Reached XP level 7. HP: 37/57 MP: 6/11
  3891 | D:5      | Gained mutation: You are resistant to acid. (rCorr) [Yellow
                  | Draconian growth]
  4023 | D:5      | Learned a level 1 spell: Apportation
  4151 | D:5      | Reached skill level 1 in Translocations
  4540 | D:5      | Found a basalt altar of Yredelemnul.
  4617 | D:5      | Found a glowing golden altar of the Shining One.
  4625 | D:5      | Found an ornate altar of the Wu Jian Council.
  4628 | D:5      | Found a stormy altar of Qazlal.
  4634 | D:5      | Became a worshipper of the Wu Jian Council
  4965 | D:5      | Found a staircase to the Ecumenical Temple.
  5392 | D:6      | Reached skill level 5 in Fighting
  5465 | D:6      | Reached skill level 5 in Transmutations
  5465 | D:6      | Reached XP level 8. HP: 61/68 MP: 7/12
  6205 | D:6      | Reached skill level 1 in Ice Magic
  6210 | D:6      | Learned a level 4 spell: Ice Form
  6642 | D:7      | HP: 3/81 [howler monkey (4)]
  6642 | D:7      | Slain by a bullfrog

Illustrated notes

Levels and vault maps discovered:
D:1:      onia_arrival_mini_spirals, layout_basic, minmay_octomino_j4
D:2:      layout_rooms
D:3:      layout_loops_cross
D:4:      layout_loops_ring, minmay_joined_circles
D:5:      layout_loops_ring, nicolae_overflow_crystal_walls,
          grunt_temple_overflow_diamond, minmay_temple_entry_sparse_star
D:6:      layout_basic, minmay_fractal_squares_gapless_5
D:7:      layout_cave_pools, gammafunk_ghost_smash, uniq_maggie

Skill      XL: |  1  2  3  4  5  6  7  8 |
---------------+-------------------------+-----
Transmutations | 3 4 5 7 |  7.0
Throwing       | 1 |  1.0
Fighting       | 3 5 |  5.0
Dodging        | 2 3 |  3.0
Spellcasting   | 3 4 |  4.0
Unarmed Combat | 4 5 6 7 |  7.0
Translocations | 1 |  1.0
Ice Magic      | 1 |  1.0

Action                   |  1- 3 |  4- 6 |  7- 9 || total
-------------------------+-------+-------+-------++-------
Melee: Unarmed           |    88 |   136 |   133 ||   357
       Kick              |     9 |    22 |    17 ||    48
       Tailslap          |     8 |    12 |     9 ||    29
       Headbutt          |     9 |    18 |    12 ||    39
       Punch             |     2 |       |     5 ||     7
Throw: Boomerang         |    32 |       |     2 ||    34
 Cast: Beastly Appendage |    19 |    22 |     9 ||    50
       Wereblood         |     3 |    12 |    16 ||    31
       Spider Form       |       |     3 |    11 ||    14
       Ice Form          |       |       |     1 ||     1
Invok: Lunge             |       |       |    10 ||    10
 Abil: Breathe Acid      |       |       |     5 ||     5
Evoke: Wand              |       |     4 |       ||     4
  Use: Potion            |     1 |     1 |     3 ||     5
       Scroll            |       |     1 |     9 ||    10
 Stab: Sleeping          |     1 |       |       ||     1
Armor: Skin              |    51 |    43 |    22 ||   116
Dodge: Dodged            |    63 |    72 |   135 ||   270

Table legend: (Time is in decaauts)
 A = Elapsed time spent in this place.
 B = Non-inter-level travel time spent in this place.
 C = Inter-level travel time spent in this place.
 D = Time resting spent in this place.
 E = Time spent auto-exploring this place.
 F = Levels seen in this place.
 G = Mean time per level.
                   A        B        C        D        E       F      G
               +--------+--------+--------+--------+--------+-----+--------+
         Total |   6623 |   6410 |    213 |   1186 |   3956 |   7 |  946.1 |
       Dungeon |   6623 |   6410 |    213 |   1186 |   3956 |   7 |  946.1 |
               +--------+--------+--------+--------+--------+-----+--------+

Top non-repeatable levels by time:
     D:5: 1389 daAuts
     D:1: 1239 daAuts
     D:6: 1212 daAuts
     D:4: 947 daAuts
     D:2: 892 daAuts
     D:3: 838 daAuts
     D:7: 104 daAuts
